 Dungeon Crawl Stone Soup version 0.28.0-53-g5a82cb258f (webtiles) character file.

Game seed: 4674675249005402576

1558 tizbic2 the Covered (level 8, -4/68 HPs)
             Began as a Ghoul Fighter on July 23, 2022.
             Was a Believer of Ashenzari.
             Killed from afar by an electric eel (9 damage)
             ... with a bolt of electricity
             ... on level 5 of the Dungeon.
             The game lasted 00:25:39 (5861 turns).

tizbic2 the Covered (Ghoul Fighter)                 Turns: 5861, Time: 00:25:39

Health: -4/68      AC: 13    Str: 20    XL:     8   Next: 89%
Magic:  7/7        EV:  7    Int:  5    God:    Ashenzari [**....]
Gold:   176        SH:  4    Dex:  8    Spells: 6/7 levels left

rFire   . . .      SeeInvis +   E - +1 trident (flame)
rCold   + . .      Faith    .   c - +0 buckler
rNeg    + + +      Spirit   .   y - +0 chain mail "Behold Eternity" {Cun, Comp} (curse)
rPois   ∞          Reflect  .   (no helmet)
rElec   .          Harm     .   l - +0 cloak
rCorr   .          Rampage  .   d - +0 pair of gloves of Ashenzari's Sun {Elem, Melee} (curse)
Will    +....                   (no boots)
Stlth   ..........              (no amulet)
HPRegen 0.00/turn               o - ring of the Eye in the Sky {Will+, Cun, Fort} (curse)
MPRegen 0.10/turn               (no ring)

@: inhibited regen
A: claws 1, cold resistance 1, negative energy resistance 3, inhibited
regeneration, torment resistance 2
a: Renounce Religion, Curse Item, Shatter the Chains


You were on level 5 of the Dungeon.
You worshipped Ashenzari.
Ashenzari was pleased with you.
You visited 1 branch of the dungeon, and saw 6 of its levels.

You collected 176 gold pieces.

Inventory:

Hand Weapons
 a - a +0 war axe
 b - a +1 dagger of venom
 w - a +0 hunting sling
 x - a +4 short sword
 E - a +1 trident of flaming (weapon)
 F - a +1 battleaxe
Missiles
 e - 52 bolts
 f - 301 stones (quivered)
 j - 2 boomerangs
 k - 6 atropa-tipped darts
 p - 11 poisoned darts
Armour
 c - a +0 buckler (worn)
 d - the cursed +0 pair of gloves of Ashenzari's Sun (worn) {Elem, Melee}
   (You found it on level 5 of the Dungeon)

   It has a curse which improves the following skills: Elements: Fire Magic, Ice
   Magic, Air Magic and Earth Magic.
   Melee Combat: Short Blades, Long Blades, Axes, Maces & Flails, Polearms,
   Staves and Unarmed Combat.
 l - a +0 cloak (worn)
 q - the +0 cloak of Insatiable Hunger {rF+ Int-5 SInv Stlth+}
   (You found it on level 2 of the Dungeon)

   Int:       It affects your intelligence (-5).
   rF:        It protects you from fire.
   SInv:      It lets you see invisible.
   Stlth:     It makes you more stealthy.
 r - a +1 scale mail of poison resistance
 y - the cursed +0 chain mail "Behold Eternity" (worn) {Cun, Comp}
   (You took it off Terence on level 3 of the Dungeon)

   It has a curse which improves the following skills: Cunning: Dodging and
   Stealth.
   Companions: Summonings and Necromancy.
Jewellery
 o - the cursed ring of the Eye in the Sky (left hand) {Will+, Cun, Fort}
   (You found it on level 2 of the Dungeon)

   [ring of willpower]

   Will:      It increases your willpower.
   It has a curse which improves the following skills: Cunning: Dodging and
   Stealth.
   Fortitude: Armour and Shields.
 s - a ring of poison resistance
 G - a ring of fire
Wands
 B - a wand of flame (45)
Scrolls
 g - 2 scrolls of fear
 i - a scroll of noise
 n - 3 scrolls of teleportation
 z - a scroll of magic mapping
 A - a scroll of fog
 I - 3 scrolls of blinking
Potions
 h - 2 potions of curing
 m - a potion of brilliance
 t - 2 potions of ambrosia
 u - a potion of haste
 v - a potion of magic
 C - a potion of heal wounds
 D - a potion of flight
 H - a potion of attraction


   Skills:
 + Level 5.1 Fighting
 * Level 5.6(6.8) Axes
 + Level 3.6 Slings
 * Level 6.5(7.8) Armour
 - Level 3.7(4.8) Shields


You had 6 spell levels left.
You knew the following spells:

 Your Spells              Type           Power      Damage    Failure   Level
a - Magic Dart            Conj           0%         1d3       99%         1

Your spell library contained the following spells:

 Spells                   Type           Power      Damage    Failure   Level
 Searing Ray              Conj           0%         2d4       100%        2
 Fulminant Prism          Conj/Hex       0%         3d6       100%        4


Dungeon Overview and Level Annotations

Branches:
Dungeon (6/15)             Temple (0/1) D:5

Altars:
Ashenzari
Cheibriados
Nemelex Xobeh
Ru
Yredelemnul

Shops:
D:2 (**

Annotations:
D:5 1 transporter


Innate Abilities, Weirdness & Mutations

You thrive by killing the living.
You are immune to poison.
You have sharp fingernails.
Your flesh is cold resistant. (rC+)
You are immune to negative energy. (rN+++)
You do not regenerate when monsters are visible.
You are immune to unholy pain and torment.


Message History

The electric eel shoots out a bolt of lightning at you!
The bolt of electricity hits you.
* * * LOW HITPOINT WARNING * * *
The electric eel shoots out a bolt of lightning at you!
The bolt of electricity misses you. The bolt of electricity hits you!
* * * LOW HITPOINT WARNING * * *
There is an open door here.
A nearby plant withers and dies.
You close the door.
You start resting.
HP restored.
There is a transporter landing site here.
Okay, then.
Your +1 dagger of venom stops dripping with poison.
Your +1 trident of flaming bursts into flame!
E - a +1 trident of flaming (weapon)
You open the door.
The electric eel shoots out a bolt of lightning at you!
The bolt of electricity hits you! The bolt of electricity hits you.
There is an open door here.
Reach: E) +1 trident (flame)
Press: ? - help, Dir - move target, f - electric eel
Aim: an electric eel (about 62% to evade your +1 trident of flaming)
You reach to attack!
You barely miss the electric eel.
The electric eel shoots out a bolt of lightning at you!
The bolt of electricity hits you. The bolt of electricity hits you!
Reach: E) +1 trident (flame)
Press: ? - help, Dir - move target, f/p - electric eel
Aim: an electric eel (about 62% to evade your +1 trident of flaming)
You reach to attack!
You miss the electric eel.
The electric eel shoots out a bolt of lightning at you!
The bolt of electricity hits you!
* * * LOW HITPOINT WARNING * * *
The bolt of electricity hits you!
* * * LOW HITPOINT WARNING * * *
The electric eel shoots out a bolt of lightning at you!
The bolt of electricity hits you.
* * * LOW HITPOINT WARNING * * *
The bolt of electricity hits you!
You die...

......# #...# ##.#.. ......#
##### #.#.. ......# .... ......#
##################... .#....#
#..........[......... .#....#
#.###############.#.. .#....#
##.#8P#≈≈≈≈≈≈≈#P8#.#.. .#....#
##..#..#..≈≈≈≈≈#..#.... .#....#
#..©#©@'..≈♣≈PP+$©#©... .#....#
##...#..#..≈PP≈≈#..#...> .#....#
#..#.#8≈#SS≈≈≈≈≈#P8#.#..
##....####.##.###############.#..
...........##.................#..
........#######################..
####....# #...... #....# #.###.#
#....# #...#.#


You could see 2 electric eels.

Vanquished Creatures
  Sigmund (D:2)
  A necrophage (D:5)
  Blork the orc (D:5)
  2 scorpions
  5 water moccasin zombies (D:5)
  3 centaur zombies (D:5)
  A bullfrog zombie (D:5)
  4 hounds
  2 bullfrog skeletons
  A gnoll shaman (D:5)
  2 orc priests
  A scorpion zombie (D:5)
  2 centaur skeletons (D:5)
  Terence (D:3)
  An orc wizard (D:4)
  2 hound zombies (D:5)
  3 howler monkey zombies (D:5)
  6 adders
  7 gnolls
  A howler monkey skeleton (D:5)
  An ufetubus (D:3)
  An adder skeleton (D:5)
  2 worms
  4 dart slugs
  12 orcs
  8 endoplasms
  6 giant cockroaches
  6 hobgoblins
  4 jackals
  3 quokkas
  6 ball pythons
  10 bats
  5 frilled lizards
  6 goblins
  6 kobolds
  8 rats
135 creatures vanquished.

Vanquished Creatures (others)
  A plant (D:5)
1 creature vanquished.

Grand Total: 136 creatures vanquished

Notes
Turn   | Place    | Note
-------+----------+-------------------------------------------
     0 | D:1      | tizbic2 the Ghoul Fighter began the quest for the Orb.
     0 | D:1      | Reached XP level 1. HP: 19/19 MP: 0/0
   150 | D:1      | Reached XP level 2. HP: 26/26 MP: 1/1
   157 | D:1      | Reached skill level 3 in Armour
   303 | D:1      | Reached XP level 3. HP: 28/31 MP: 2/2
   506 | D:2      | Found Pecky's General Store.
   512 | D:2      | Found Jaivoyt's General Store.
   536 | D:2      | Found a broken altar of Ashenzari.
   552 | D:2      | Became a worshipper of Ashenzari the Shackled
   591 | D:2      | Reached XP level 4. HP: 30/38 MP: 3/3
   797 | D:2      | Noticed Sigmund
   810 | D:2      | Killed Sigmund
   811 | D:2      | Reached skill level 1 in Slings
   811 | D:2      | Reached skill level 4 in Armour
   811 | D:2      | Reached XP level 5. HP: 18/45 MP: 4/4
   811 | D:2      | Reached XP level 6. HP: 20/51 MP: 5/5
  1007 | D:2      | Identified the +0 cloak of Insatiable Hunger {rF+ Int-5
                  | SInv Stlth+}
  1067 | D:2      | Found Qeos's Weapon Boutique.
  1485 | D:3      | Noticed Terence
  1494 | D:3      | Killed Terence
  1863 | D:3      | You fall into a shaft and drop 2 floors!
  1863 | D:5      | Entered Level 5 of the Dungeon
  1957 | D:5      | Reached XP level 7. HP: 55/58 MP: 6/6
  1980 | D:5      | Reached skill level 5 in Armour
  2252 | D:5      | Found a basalt altar of Yredelemnul.
  2464 | D:5      | Reached XP level 8. HP: 43/67 MP: 7/7
  2901 | D:5      | Found a staircase to the Ecumenical Temple.
  2945 | D:5      | Found a transporter.
  2964 | D:5      | Found a transporter.
  2968 | D:5      | Reached * piety under Ashenzari
  3375 | D:5      | Found a broken altar of Ashenzari.
  3375 | D:5      | Found a sacrificial altar of Ru.
  3376 | D:5      | Found a sparkling altar of Nemelex Xobeh.
  3732 | D:5      | Noticed Blork the orc
  3742 | D:5      | Killed Blork the orc
  3743 | D:5      | Reached skill level 5 in Axes
  3743 | D:5      | Reached skill level 6 in Armour
  4131 | D:3      | Reached ** piety under Ashenzari
  4716 | D:4      | Learned a level 1 spell: Magic Dart
  4747 | D:4      | Reached skill level 5 in Fighting
  5002 | D:4      | Found a snail-covered altar of Cheibriados.
  5861 | D:5      | Killed from afar by an electric eel

Illustrated notes

Levels and vault maps discovered:
D:1:      dpeg_arrival_rhombi, layout_rooms, serial_glass, glass_columns_a,
          glass_columns_b, hangedman_feature_mirror
D:2:      layout_basic, serial_shops, nicolae_diamond_shop, shop,
          shop_fountains, basic_altar, uniq_sigmund
D:3:      layout_loops_ring, uniq_terence
D:4:      layout_loops_cross, mainiacjoe_overflow_small_starburst,
          chequers_serial_rivers_micro_b
D:5:      gammafunk_steamed_eel, layout_basic, yredelemnul_altar_generic,
          gammafunk_temple_overflow_claw, temple_hall, serial_undead,
          serial_undead_a, serial_undead_b, serial_undead_e, serial_undead_f,
          serial_undead_f, serial_undead_b, corexii_item_surrounded_by_moat,
          uniq_blork_the_orc
D:6:      layout_basic, lemuel_tele_altar, mainiacjoe_overflow_cross_hatched,
          lightli_sewer_entry_pipes

Skill      XL: |  1  2  3  4  5  6  7  8 |
---------------+-------------------------+-----
Axes           | 2 3 4 5 |  5.6
Armour         | 3 4 5 6 |  6.5
Shields        | 3 |  3.7
Slings         | 1 2 3 |  3.6
Fighting       | 4 5 |  5.1

Action                   |  1- 3 |  4- 6 |  7- 9 || total
-------------------------+-------+-------+-------++-------
Melee: War axe           |    74 |    66 |    79 ||   219
       Short sword       |       |    41 |    76 ||   117
       Dagger            |       |     8 |    39 ||    47
       Trident           |       |       |    56 ||    56
       Spear             |       |       |    25 ||    25
 Fire: Hunting sling     |       |    19 |    26 ||    45
Throw: Stone             |     5 |     5 |     1 ||    11
Invok: Curse Item        |       |     1 |     2 ||     3
  Use: Scroll            |       |       |     1 ||     1
       Potion            |       |       |     1 ||     1
Armor: Scale mail        |    48 |    27 |       ||    75
       Chain mail        |       |    60 |   295 ||   355
Dodge: Dodged            |    41 |    70 |   145 ||   256
Block: Buckler           |    19 |    20 |   100 ||   139
